 Dungeon Crawl Stone Soup version 0.30-a0-1035-g38d5fb2972 (webtiles) character file.

Game seed: 8839474415990916543

40292 Dirian the Warrior (level 13, 0/190 HPs)
             Began as a Minotaur Berserker on Apr 7, 2023.
             Was a High Priest of Trog.
             Succumbed to a cane toad's poison
             ... on level 5 of the Lair of Beasts on Apr 8, 2023.
             The game lasted 00:36:06 (16700 turns).

Dirian the Warrior (Minotaur Berserker)            Turns: 16700, Time: 00:36:07

Health: 0/190      AC: 27    Str: 28    XL:     13   Next: 73%
Magic:  12/12      EV:  9    Int:  4    God:    Trog [*****.]
Gold:   1023       SH: 11    Dex: 12    Spells: 12/12 levels left

rFire   + + .      SeeInvis .    a - +3 broad axe (flame)
rCold   . . .      Faith    .    G - +0 kite shield
rNeg    . . .      Spirit   .    p - +3 chain mail {rF+}
rPois   .          Reflect  .    N - +1 hat {Will+}
rElec   .          Rampage  .    I - +2 cloak
rCorr   +                        D - +2 pair of gloves {Str+3}
Will    +++..                    m - +2 pair of boots {Stlth+} Stlth
                                 (no amulet)
HPRegen 1.51/turn                y - ring of resist corrosion
MPRegen 0.13/turn                i - ring of protection from fire

@: berserking, lethally poisoned (0 -> -22), strong-willed, regenerating, very
quick
A: horns 2, retaliatory headbutt
a: Renounce Religion, Berserk, Trog's Hand, Brothers in Arms


You were on level 5 of the Lair of Beasts.
You worshipped Trog.
Trog was extremely pleased with you.
You visited 2 branches of the dungeon, and saw 17 of its levels.
You also visited: Gauntlet and Ice Cave.

You collected 1213 gold pieces.
You spent 190 gold pieces at shops.

Inventory:

Hand Weapons
 a - a +3 broad axe of flaming (weapon)
 b - a +5 antimagic broad axe
Missiles
 u - 3 throwing nets (quivered)
 O - 5 javelins
 R - 5 boomerangs
Armour
 m - a +2 pair of boots of stealth (worn)
 p - a +3 chain mail of fire resistance (worn)
 D - a +2 pair of gloves of strength (worn)
 G - a +0 kite shield (worn)
 I - a +2 cloak (worn)
 L - a +0 chain mail of cold resistance
 N - a +1 hat of willpower (worn)
 U - +0 swamp dragon scales
Jewellery
 i - a ring of protection from fire (right hand)
 y - a ring of resist corrosion (left hand)
 A - a ring of see invisible
 K - a ring of positive energy
Wands
 j - a wand of flame (42)
 v - a wand of digging (7)
 E - a wand of quicksilver (7)
 J - a wand of roots (4)
 Q - a wand of mindburst (5)
Scrolls
 c - 2 scrolls of fog
 e - 2 scrolls of poison
 o - a scroll of brand weapon
 r - 5 scrolls of identify
 s - 4 scrolls of immolation
 t - 8 scrolls of teleportation
 z - a scroll of blinking
 C - a scroll of fear
 F - 5 scrolls of enchant armour
 H - a scroll of summoning
 S - a scroll of enchant weapon
Potions
 d - 3 potions of might
 f - 5 potions of cancellation
 g - 3 potions of attraction
 h - 4 potions of haste
 k - a potion of ambrosia
 l - a potion of berserk rage
 n - a potion of resistance
 q - 7 potions of curing
 w - 2 potions of heal wounds
 x - a potion of magic
 B - 3 potions of mutation
 M - 4 potions of lignification
 P - 4 potions of flight


   Skills:
 + Level 15.6 Fighting
 - Level 15.1 Axes
 - Level 5.0 Throwing
 + Level 13.4 Armour
 - Level 2.1 Dodging
 + Level 11.0 Shields
 - Level 5.0 Evocations


You had 12 spell levels left.
You didn't know any spells.
Your spell library was empty.

Dungeon Overview and Level Annotations

Branches:
Dungeon (12/15) Zot: 26378  Temple (0/1) D:5            Lair (5/5) D:11 Zot: 25454
 Shoals (0/4) Lair:2       Spider (0/4) Lair:3        Slime (0/5) Lair:4
    Orc (0/2) D:10          IceCv (visited)         Gauntlet (visited)

Altars:
Cheibriados
Hepliaklqana
Qazlal
Wu Jian
The Shining One
Jiyva

Shops:
D:1 ?   D:4 *

Annotations:
D:7 3 runed translucent doors, Reshi88's ghost, novice SpWr; Wahll's ghost, novice DjVM; WhatIsLove's ghost, novice HOMo; hackum's ghost, novice VSGl
D:8 2 transporters
D:9 exclusion: obsidian statue
D:12 Jorgrun
Lair:1 3 runed translucent doors, EtherCrawl's ghost, journeyman DECj


Innate Abilities, Weirdness & Mutations

You have a pair of horns on your head.
You reflexively headbutt those who attack you in melee.


Message History

You block the wyvern's attack.
You barely miss the skyshark.
The skyshark is almost dead.
You slash the wyvern! You burn the wyvern. You barely miss the cane toad.
You hit the yak. You burn the yak. The skyshark completely misses you.
You block the skyshark's attack.
The skyshark tail-slaps you but does no damage.
You block the cane toad's attack. The wyvern barely misses you.
The yak gores you.
* * * LOW HITPOINT WARNING * * *
The skyshark bites you but does no damage.
You block the skyshark's attack. x2
A red film seems to cover your vision as you go berserk!
You feel yourself moving faster!
You feel mighty! The wyvern barely misses you. The cane toad stings you.
* * * LOW HITPOINT WARNING * * *
You are poisoned.
The cane toad poisons you! The yak barely misses you. You furiously retaliate!
You headbutt the yak!!
You kill the yak!
Trog accepts your kill. You block the skyshark's attack. x2
The skyshark tail-slaps you but does no damage.
The wyvern barely misses you. You furiously retaliate!
You headbutt the wyvern!
You kill the wyvern!
Trog accepts your kill. The cane toad stings you!
* * * LOW HITPOINT WARNING * * *
You are more poisoned.
The cane toad poisons you!
You slash the skyshark! You burn the skyshark.
You kill the skyshark!
Trog accepts your kill.
You slice the cane toad!! You burn the cane toad.
You kill the cane toad!
Trog accepts your kill. Trog grants you a weapon!
Something appears at your feet!
You see here a +1 war axe.
You closely miss the yak.
You die...

....#... #.....
..............#
........#....# ##
.......#....# #..
.......#....##...
.................
......Y††...⌠..<.
+.@......... ..
###...###.. ...
#....# #...
##..†### #....
##....####...#
#####.....⌠....#
#....#..!.....##
##.....#†††<..##
##........#.#...#


You could see a yak.

Vanquished Creatures
  Gastronok (Lair:2)
  A minotaur (Gauntlet)
  3 hydras
  A skyshark (Lair:5)
  A swamp dragon (Lair:4)
  2 bog bodies (IceCv)
  An ugly thing (D:11)
  2 oklob plants (Lair:2)
  A wolf spider (Lair:3)
  A worldbinder (Gauntlet)
  2 torpor snails (Lair:3)
  2 black mambas
  11 cane toads
  Maggie (D:7)
  An ice statue (IceCv)
  13 komodo dragons
  A kobold demonologist (D:9)
  An unseen horror (D:12)
  2 anaconda simulacra (IceCv)
  2 rime drakes
  An ice devil (IceCv)
  A freezing wraith (D:11)
  A queen bee (Gauntlet)
  2 trolls (D:10)
  7 polar bears
  A tyrant leech (Gauntlet)
  Grinder (D:6)
  14 blink frogs
  6 slime creatures
  A culicivora (Lair:3)
  A shadow (D:11)
  2 wraiths
  31 yaks
  5 wyverns
  A dire elephant simulacrum (IceCv)
  2 basilisks
  2 steam dragons
  A death yak simulacrum (IceCv)
  2 redbacks (Lair:3)
  10 vampire mosquitoes
  Menkaure (D:6)
  2 swamp worms (Gauntlet)
  3 acid dragons
  2 hydra simulacra (IceCv)
  11 water moccasins
  5 orc warriors
  3 black bears
  2 sky beasts
  2 ice beasts
  2 boggarts (Gauntlet)
  2 ogres
  12 centaurs
  A phantom (D:6)
  4 kobold brigands
  10 bullfrogs
  7 two-headed ogre simulacra (IceCv)
  A gnoll sergeant (D:11)
  4 scorpions
  A cane toad simulacrum (IceCv)
  9 wights (D:9)
  2 elephant simulacra (IceCv)
  13 killer bees
  7 howler monkeys
  4 hounds
  5 jellies
  5 orc priests
  2 sleepcaps
  6 iguanas
  10 orc wizards
  3 spriggan simulacra (IceCv)
  7 troll simulacra (IceCv)
  4 wolf simulacra (IceCv)
  4 polar bear simulacra (IceCv)
  Robin (D:4)
  14 gnolls
  6 adders
  5 naga simulacra (IceCv)
  10 white imps
  3 ufetubi
  2 worms
  2 dart slugs
  34 orcs
  4 ball pythons (D:2)
  4 endoplasms
  4 giant cockroaches
  9 goblins
  12 hobgoblins
  6 jackals (D:1)
  3 quokkas
  2 bats (D:1)
  3 frilled lizards
  20 kobolds
  5 rats
447 creatures vanquished.

Vanquished Creatures (others)
  An ufetubus (IceCv)
  52 fungi
  30 plants
  2 withered plants (D:7)
85 creatures vanquished.

Grand Total: 532 creatures vanquished

Notes
Turn   | Place    | Note
-------+----------+-------------------------------------------
     0 | D:1      | Dirian the Minotaur Berserker began the quest for the Orb.
     0 | D:1      | Reached XP level 1. HP: 19/19 MP: 0/0
   103 | D:1      | Found Ewuwugo's Magic Scroll Emporium.
   165 | D:1      | Reached XP level 2. HP: 27/27 MP: 1/1
   322 | D:1      | Found a faded altar of an unknown god.
   581 | D:1      | Bought a scroll of noise for 12 gold pieces
   581 | D:1      | Bought a scroll of identify for 24 gold pieces
   714 | D:2      | Reached XP level 3. HP: 32/33 MP: 2/2
   988 | D:2      | Reached ** piety under Trog
  1659 | D:3      | Reached skill level 5 in Axes
  1682 | D:3      | Reached XP level 4. HP: 38/41 MP: 3/3
  1865 | D:3      | Found an ornate altar of the Wu Jian Council.
  2539 | D:4      | Noticed a scorpion
  2562 | D:4      | Killed a scorpion
  2563 | D:4      | Reached skill level 5 in Fighting
  2563 | D:4      | Reached XP level 5. HP: 48/48 MP: 4/4
  2699 | D:4      | Found Sag Inua's General Store.
  2745 | D:4      | Bought a scroll of identify for 28 gold pieces
  2760 | D:4      | Reached XP level 6. HP: 52/56 MP: 5/5
  2761 | D:4      | Reached skill level 1 in Shields
  2982 | D:4      | Noticed Robin
  2988 | D:4      | Killed Robin
  3050 | D:4      | Reached XP level 7. HP: 45/62 MP: 6/6
  3404 | D:1      | Bought a scroll of teleportation for 36 gold pieces
  3404 | D:1      | Bought a scroll of enchant armour for 90 gold pieces
  3492 | D:5      | Entered Level 5 of the Dungeon
  3720 | D:5      | Found a staircase to the Ecumenical Temple.
  3731 | D:5      | Reached skill level 5 in Armour
  3880 | D:5      | Reached *** piety under Trog
  3960 | D:5      | Reached XP level 8. HP: 24/71 MP: 7/7
  4517 | D:6      | Found a glowing golden altar of the Shining One.
  4599 | D:6      | Found a stormy altar of Qazlal.
  4689 | D:6      | Noticed Grinder
  4699 | D:6      | Killed Grinder
  4700 | D:6      | Reached skill level 10 in Axes
  4781 | D:6      | Noticed Menkaure
  4787 | D:6      | Killed Menkaure
  4840 | D:6      | Found a hazy altar of Hepliaklqana.
  4948 | D:6      | Reached XP level 9. HP: 46/79 MP: 8/8
  5204 | D:7      | Noticed Maggie
  5211 | D:7      | Killed Maggie
  5547 | D:7      | Found a snail-covered altar of Cheibriados.
  5812 | D:7      | Found a runed translucent gate.
  5812 | D:7      | Found a runed translucent gate.
  5812 | D:7      | Found a runed translucent gate.
  5815 | D:7      | Noticed WhatIsLove's ghost (novice HOMo)
  5815 | D:7      | Noticed hackum's ghost (novice VSGl)
  5816 | D:7      | Noticed Reshi88's ghost (novice SpWr)
  5817 | D:7      | Noticed Wahll's ghost (novice DjVM)
  5821 | D:7      | Upgraded the game from 0.30-a0-1018-g25214051b3 to
                  | 0.30-a0-1035-g38d5fb2972
  5836 | D:8      | Reached **** piety under Trog
  5844 | D:8      | Found a transporter.
  6320 | D:8      | Found a transporter.
  7127 | D:9      | Reached XP level 10. HP: 90/90 MP: 9/9
  7164 | D:9      | Noticed an obsidian statue
  7450 | D:9      | Noticed a sixfirhy
  7803 | D:10     | Entered Level 10 of the Dungeon
  7872 | D:10     | Reached ***** piety under Trog
  8074 | D:10     | Reached skill level 5 in Shields
  8240 | D:10     | Found a staircase to the Orcish Mines.
  8583 | D:10     | Reached skill level 10 in Fighting
  8597 | D:10     | Reached skill level 10 in Armour
  8887 | D:11     | Reached XP level 11. HP: 68/99 MP: 10/10
  9177 | D:11     | Noticed a green ugly thing
  9186 | D:11     | Killed a green ugly thing
  9204 | D:11     | Received a gift from Trog
  9302 | D:11     | Found a staircase to the Lair.
  9399 | D:11     | Reached skill level 15 in Axes
 10077 | D:12     | Reached skill level 1 in Throwing
 10083 | D:12     | Reached skill level 1 in Evocations
 10521 | D:12     | Noticed Jorgrun
 10667 | Lair:1   | Entered Level 1 of the Lair of Beasts
 10789 | Lair:1   | Found a runed translucent gate.
 10790 | Lair:1   | Found a runed translucent gate.
 10790 | Lair:1   | Found a runed translucent gate.
 10790 | Lair:1   | Noticed a great orb of eyes
 10823 | Lair:1   | Found a frozen archway.
 10833 | IceCv    | Entered an ice cave
 11760 | IceCv    | Reached XP level 12. HP: 106/111 MP: 11/11
 11970 | IceCv    | Identified the +1 pair of boots of the Sheltering Gods
                  | {Contam rC+ rN+++ Str-4}
 12220 | Lair:1   | Noticed EtherCrawl's ghost (journeyman DECj)
 12223 | Lair:1   | Found a viscous altar of Jiyva.
 12411 | Lair:2   | Noticed Gastronok
 12427 | Lair:2   | Killed Gastronok
 12457 | Lair:2   | Found a gate leading to a gauntlet.
 12466 | Gauntlet | Entered a Gauntlet
 12466 | Gauntlet | Found a transporter.
 12466 | Gauntlet | Found a transporter.
 12502 | Gauntlet | Found a transporter.
 12506 | Gauntlet | Found a transporter.
 12514 | Gauntlet | Found a transporter.
 12518 | Gauntlet | Found a transporter.
 12526 | Gauntlet | Found a transporter.
 12543 | Gauntlet | Found a transporter.
 12562 | Gauntlet | Found a transporter.
 12562 | Gauntlet | Found a transporter.
 12569 | Gauntlet | Found a runed translucent door.
 12569 | Gauntlet | Found a runed translucent door.
 12573 | Gauntlet | Found a transporter.
 12577 | Gauntlet | Found a transporter.
 12739 | Gauntlet | Noticed a minotaur
 12751 | Gauntlet | Killed a minotaur
 12752 | Gauntlet | Reached skill level 5 in Throwing
 13296 | Lair:2   | Found a staircase to the Shoals.
 14079 | Lair:3   | Reached skill level 5 in Evocations
 14084 | Lair:3   | Reached XP level 13. HP: 55/123 MP: 12/12
 14878 | Lair:3   | Found a hole to the Spider Nest.
 15475 | Lair:4   | Reached skill level 10 in Shields
 15918 | Lair:4   | Found a viscous altar of Jiyva.
 15918 | Lair:4   | Found a staircase to the Slime Pits.
 15950 | Lair:4   | Reached skill level 15 in Fighting
 16641 | Lair:5   | Entered Level 5 of the Lair of Beasts
 16699 | Lair:5   | HP: 5/190 [cane toad (9)]
 16700 | Lair:5   | Received a gift from Trog
 16700 | Lair:5   | Succumbed to a cane toad's poison

Illustrated notes

Levels and vault maps discovered:
D:1:      wander_arrival_chamber, layout_rooms,
          shapermc_ecumenical_altar_acropolis, serial_shops,
          nicolae_diamond_shop, serial_curves, eino_curves_03, eino_curves_02,
          minmay_heptomino_w4
D:2:      layout_basic, minmay_hedge_maze
D:3:      layout_basic, mainiacjoe_overflow_tiny_flanked,
          kennysheep_cross_bottleneck
D:4:      layout_basic, serial_shops, shop, uniq_robin
D:5:      layout_rooms, minmay_temple_entry_tees
D:6:      layout_cave_pools, nicolae_qazlal_scattered_showers, tso_metal_star,
          marbit_many_paths, uniq_grinder, uniq_menkaure
D:7:      layout_rooms, mainiacjoe_overflow_cross_hatched,
          gammafunk_ghost_cemetery, uniq_maggie
D:8:      gammafunk_steamed_eel, layout_basic
D:9:      layout_roguey, minivault_16
D:10:     layout_basic, david_orc_2
D:11:     layout_grid_maze, due_lair_maze_entry_diamond
D:12:     nicolae_cairo_tiling_large, layout_loops_ring, uniq_jorgrun
Lair:1:   layout_roguey, portal_ice_cave_entry_pillars_2, gammafunk_ghost_ooze
Lair:2:   minmay_lair_oklob_chamber, layout_regular_city,
          elwin_shoals_entry_rocks, gauntlet_entry_generic,
          cheibrodos_lair_lostbears, grunt_megastairs_3, uniq_gastronok
Lair:3:   layout_regular_city, spider_nest_entry_funnel_web, st_stairs_11
Lair:4:   layout_cave_pods, minmay_slime_entry_pillars, pond
Lair:5:   evil_forest, layout_gridlike, nicolae_volcano_entry_two_sided,
          grunt_megastairs_5

Skill      XL: |  1  2  3  4  5  6  7  8  9 10 11 12 13 |
---------------+----------------------------------------+-----
Fighting       | 4 5 6 7 8 10 11 13 15 | 15.6
Axes           | 4 5 6 7 9 10 12 14 15 | 15.1
Armour         | 3 4 5 7 8 10 11 12 13 | 13.4
Shields        | 1 3 4 5 6 8 11 | 11.0
Throwing       | 3 5 |  5.0
Evocations     | 2 5 |  5.0
Dodging        | |  2.1

Action                     |  1- 3 |  4- 6 |  7- 9 | 10-12 | 13-15 || total
---------------------------+-------+-------+-------+-------+-------++-------
  Melee: Hand axe          |    88 |   103 |    90 |       |       ||   281
         Headbutt          |    13 |    19 |    44 |   113 |    38 ||   227
         War axe           |       |       |    75 |       |       ||    75
         Broad axe         |       |       |    83 |   524 |   163 ||   770
         Unarmed           |       |       |     6 |       |       ||     6
         Punch             |       |       |       |     1 |       ||     1
 Invoke: Berserk           |       |     2 |     1 |     1 |     1 ||     5
         Trog's Hand       |       |     1 |     2 |    11 |     2 ||    16
    Use: Scroll            |       |     2 |    23 |     6 |     1 ||    32
 Armour: Animal skin       |     9 |     2 |       |       |       ||    11
         Chain mail        |       |    37 |   139 |   340 |   106 ||   622
  Dodge: Dodged            |    64 |    32 |   135 |   200 |    79 ||   510
  Block: Buckler           |       |    13 |    63 |    33 |       ||   109
         Kite shield       |       |       |       |   174 |   113 ||   287

Table legend: (Time is in decaauts)
 A = Elapsed time spent in this place.
 B = Non-inter-level travel time spent in this place.
 C = Inter-level travel time spent in this place.
 D = Time resting spent in this place.
 E = Time spent auto-exploring this place.
 F = Levels seen in this place.
 G = Mean time per level.
                   A        B        C        D        E       F      G
               +--------+--------+--------+--------+--------+-----+--------+
         Total |  16767 |  16071 |    696 |   1017 |  11655 |  19 |  882.5 |
       Dungeon |  10703 |  10172 |    531 |    588 |   7950 |  12 |  891.9 |
          Lair |   4545 |   4380 |    165 |      0 |   3503 |   5 |  909.0 |
      Ice Cave |   1177 |   1177 |      0 |    429 |     87 |   1 | 1177.0 |
      Gauntlet |    341 |    341 |      0 |      0 |    115 |   1 |  341.0 |
               +--------+--------+--------+--------+--------+-----+--------+

Top non-repeatable levels by time:
    D:11: 1534 daAuts
  Lair:3: 1515 daAuts
    D:10: 1243 daAuts
  Lair:4: 1213 daAuts
   IceCv: 1177 daAuts
     D:2: 1062 daAuts
     D:8: 1054 daAuts
     D:4: 1042 daAuts
  Lair:2: 959 daAuts
     D:6: 943 daAuts
     D:7: 821 daAuts
     D:3: 818 daAuts
  Lair:1: 798 daAuts
     D:5: 756 daAuts
     D:9: 729 daAuts
